[Event "Titled Tuesday Blitz April 11 Early 2023"]
[White "Orujov2008"]
[Black "Lopez, Henry"]
[BlackFideId "5203830"]
[WhiteElo "2307"]
[BlackElo "2177"]
[Result "0-1"]
[Round "06"]
[TimeControl "180+2"]
[Date "2023.04.11"]
[WhiteClock "0:01:03"]
[BlackClock "0:00:07"]

1. e4 c5 2. Nf3 d6 3. d4 cxd4 4. Nxd4 Nf6 5. Nc3 a6 6. h3 e5 7. Nde2 h5 8. Bg5 Be6 9. Bxf6 Qxf6 10. Nd5 Qd8 11. Nec3 Nd7 12. Bc4 Rc8 13. Bb3 Nc5 14. O-O b5 15. Qe2 g5 16. a4 g4 17. h4 Qxh4 18. axb5 g3 19. fxg3 Qxg3 20. bxa6 Bh6 21. a7 O-O 22. Qxh5 Be3+ 23. Nxe3 Qxe3+ 24. Kh2 Kg7 25. Rf3 Rh8 26. Qxh8+ Rxh8+ 27. Rh3 Bxh3 28. a8=Q Bc8# 0-1


[Site "https://www.chess.com"]

[Event "Titled Tuesday Blitz April 11 Early 2023"]
[White "Schuh, Karsten"]
[Black "Santos Flores, Alberto"]
[WhiteFideId "4637950"]
[BlackFideId "3601234"]
[WhiteElo "2138"]
[BlackElo "2235"]
[Result "0-1"]
[Round "06"]
[TimeControl "180+2"]
[Date "2023.04.11"]
[WhiteClock "0:00:20"]
[BlackClock "0:00:32"]

1. Nf3 c5 2. c4 g6 3. g3 Bg7 4. Bg2 Nc6 5. O-O e6 6. Nc3 Nge7 7. d3 O-O 8. Bg5 h6 9. Bd2 b6 10. a3 Bb7 11. Rb1 d5 12. cxd5 Nxd5 13. Nxd5 Qxd5 14. b4 cxb4 15. axb4 Rac8 16. b5 Nd4 17. Be3 Nxf3+ 18. Bxf3 Qd7 19. Bxb7 Qxb7 20. Qd2 Kh7 21. Rfc1 Rxc1+ 22. Rxc1 Rc8 23. Rxc8 Qxc8 24. Qa2 Qd7 25. Qc4 f5 26. Qc6 Qf7 27. h4 e5 28. Bd2 h5 29. Bc3 f4 30. Kg2 fxg3 31. fxg3 Qb3 32. Kf3 Qd1 33. Kf2 Qb3 34. Kf3 Qxc3 35. Qxc3 e4+ 36. Kxe4 Bxc3 37. Kd5 Be1 38. e4 Kg7 39. Ke6 Kf8 40. d4 Bxg3 41. d5 Bxh4 42. e5 Ke8 43. d6 Bd8 44. Kd5 h4 45. e6 h3 0-1


[Site "https://www.chess.com"]

[Event "Titled Tuesday Blitz April 11 Early 2023"]
[White "Chabris, Christopher"]
[Black "Erzhanov, Arman"]
[WhiteFideId "2005263"]
[BlackFideId "4138821"]
[WhiteElo "2283"]
[BlackElo "2138"]
[Result "0-1"]
[Round "06"]
[TimeControl "180+2"]
[Date "2023.04.11"]
[WhiteClock "0:00:02"]
[BlackClock "0:00:04"]

1. e4 d6 2. d4 Nf6 3. Nc3 e5 4. Nf3 Nbd7 5. g4 g6 6. g5 Nh5 7. Bc4 Bg7 8. Be3 O-O 9. Qe2 c6 10. a3 b5 11. Ba2 a5 12. O-O b4 13. axb4 axb4 14. Na4 Re8 15. Bc4 Bb7 16. dxe5 dxe5 17. Rfd1 Qc7 18. b3 Nf4 19. Qd2 Rad8 20. Qd6 Qxd6 21. Rxd6 Bf8 22. Rd2 Be7 23. Rad1 Bc8 24. Nb6 Nxb6 25. Bxb6 Rxd2 26. Rxd2 Nh3+ 27. Kf1 Bxg5 28. Rd6 Bh6 29. Rxc6 Nf4 30. Rc7 Be6 31. Be3 Bxc4+ 32. Rxc4 Ra8 33. Bxf4 Bxf4 34. Rxb4 Ra2 35. Rc4 Rb2 36. Rc7 g5 37. h3 h5 38. Ne1 Rb1 39. Ke2 g4 40. hxg4 h4 41. Rc3 Kg7 42. Rh3 Bg5 43. Nf3 f6 44. Nxh4 Bxh4 45. Rxh4 Kg6 46. Kd2 Kg5 47. Rh3 Kxg4 48. Rd3 Kf4 49. f3 Rf1 50. Ke2 Rg1 51. c4 Rg2+ 0-1


[Site "https://www.chess.com"]

[Event "Titled Tuesday Blitz April 11 Early 2023"]
[White "Coelho, Ramyres Santana"]
[Black "Minko, Dmitry"]
[WhiteFideId "2120690"]
[BlackFideId "24188468"]
[WhiteElo "1888"]
[BlackElo "2147"]
[Result "1/2-1/2"]
[Round "06"]
[TimeControl "180+2"]
[Date "2023.04.11"]
[WhiteClock "0:01:26"]
[BlackClock "0:00:24"]

1. e4 e5 2. Nf3 Nc6 3. d4 exd4 4. Bc4 Nf6 5. e5 d5 6. Bb5 Ne4 7. Nxd4 Bd7 8. Bxc6 bxc6 9. O-O Bc5 10. f3 Ng5 11. f4 Ne4 12. Nc3 Nxc3 13. bxc3 O-O 14. Be3 f6 15. Qd2 fxe5 16. fxe5 Qe7 17. Nf3 Rae8 18. Bxc5 Qxc5+ 19. Qd4 Qe7 20. Qxa7 Bg4 21. Qe3 Bxf3 22. Rxf3 Rxf3 23. gxf3 Qf6 24. exf6 Rxe3 25. a4 Rxf3 26. fxg7 Kxg7 27. a5 Rf8 28. a6 Ra8 29. a7 Kf6 30. Kf2 Ke5 31. Ke3 Kd6 32. Kf4 c5 33. Kg5 d4 34. cxd4 cxd4 35. Kh6 c5 36. Kxh7 c4 37. Kg7 Kc5 38. h4 Kb6 39. h5 Rxa7+ 40. Rxa7 Kxa7 41. h6 d3 42. cxd3 cxd3 43. h7 d2 44. h8=Q d1=Q 1/2-1/2


[Site "https://www.chess.com"]

[Event "Titled Tuesday Blitz April 11 Early 2023"]
[White "Barwinska, Ewa"]
[Black "Shubenkova, Veronika"]
[WhiteFideId "21833761"]
[BlackFideId "44124040"]
[WhiteElo "1908"]
[BlackElo "2027"]
[Result "0-1"]
[Round "06"]
[TimeControl "180+2"]
[Date "2023.04.11"]
[WhiteClock "0:00:03"]
[BlackClock "0:00:40"]

1. e4 e6 2. d4 d5 3. Nc3 Nf6 4. Bg5 Be7 5. e5 Nfd7 6. Bxe7 Qxe7 7. f4 a6 8. Nf3 c5 9. Bd3 Nc6 10. dxc5 Qxc5 11. Qd2 b5 12. Qf2 Qb4 13. Qd2 Qxb2 14. Rb1 Qa3 15. O-O Qc5+ 16. Kh1 Bb7 17. a4 b4 18. Na2 a5 19. Nc1 Ba6 20. Nb3 Qb6 21. Rbe1 Bxd3 22. Qxd3 Ne7 23. Nfd4 g6 24. Nb5 O-O 25. h4 Nc5 26. Nxc5 Qxc5 27. h5 Rac8 28. Nd4 Qc3 29. Qd1 Rc4 30. Nb5 Qxc2 31. Qg4 Qf5 32. Qxf5 Nxf5 33. hxg6 hxg6 34. Rf3 Kg7 35. g4 Rh8+ 36. Kg2 Rc2+ 37. Kg1 Nh4 38. Rh3 Rg2+ 39. Kf1 Rxg4 40. Ke2 Rxf4 41. Nd6 Rb8 42. Reh1 g5 43. Rg3 Kg6 44. Rhg1 f6 45. exf6 Kxf6 46. Rxg5 Nf3 47. Rg6+ Ke7 48. Nb5 Nxg1+ 49. Rxg1 b3 50. Rb1 Rxa4 51. Rxb3 Rb4 52. Rxb4 axb4 53. Nd4 Kd6 54. Kd3 e5 55. Nf5+ Kc5 56. Ne3 b3 57. Nd1 b2 0-1


[Site "https://www.chess.com"]

[Event "Titled Tuesday Blitz April 11 Early 2023"]
[White "Saiz Rodriguez, Daniel Evelio"]
[Black "Mouhamad, Joachim"]
[WhiteFideId "3523420"]
[BlackFideId "656410"]
[WhiteElo "2208"]
[BlackElo "2125"]
[Result "0-1"]
[Round "06"]
[TimeControl "180+2"]
[Date "2023.04.11"]
[WhiteClock "0:00:01"]
[BlackClock "0:00:14"]

1. e4 c5 2. Nf3 Nc6 3. Bb5 g6 4. O-O Bg7 5. Bxc6 dxc6 6. d3 Nf6 7. h3 Nd7 8. Nbd2 O-O 9. Nc4 e5 10. a3 Qc7 11. Be3 f5 12. Ng5 Rf6 13. exf5 gxf5 14. f4 Rg6 15. Qh5 Nf8 16. Bxc5 Rh6 17. Qe8 exf4 18. Bd6 Qd7 19. Qxd7 Bxd7 20. Bxf4 Rg6 21. Ne5 Bxe5 22. Bxe5 Rxg5 23. Bd6 Re8 24. Rae1 Rxe1 25. Rxe1 Rg6 26. Bg3 Re6 27. Rf1 Re2 28. Rf2 Rxf2 29. Kxf2 Kf7 30. Ke3 Ne6 31. Bd6 b6 32. a4 c5 33. b3 h5 34. Bb8 a6 35. Ba7 b5 36. axb5 axb5 37. c4 bxc4 38. dxc4 Bc6 39. g3 Kf6 40. Bb8 Be4 41. Bd6 Bc2 0-1


[Site "https://www.chess.com"]

[Event "Titled Tuesday Blitz April 11 Early 2023"]
[White "Chernomordik, Pavel"]
[Black "Adithya A Chullikkad"]
[WhiteFideId "2804530"]
[BlackFideId "45078734"]
[WhiteElo "2193"]
[BlackElo "1984"]
[Result "1-0"]
[Round "06"]
[TimeControl "180+2"]
[Date "2023.04.11"]
[WhiteClock "0:01:55"]
[BlackClock "0:01:39"]

1. e4 c5 2. Nc3 d6 3. f4 a6 4. g3 Nd7 5. Bg2 e6 6. Nf3 Be7 7. d4 cxd4 8. Qxd4 Ngf6 9. Be3 O-O 10. O-O-O Ng4 11. Bg1 Bf6 12. Qxd6 Bxc3 13. bxc3 Qa5 14. Kb2 b5 15. h3 Ngf6 16. Nd2 Bb7 17. Nb3 Qa4 18. Rd4 b4 19. Rxb4 Qc6 20. Qxc6 Bxc6 21. Na5 Bb5 22. c4 1-0


[Site "https://www.chess.com"]

[Event "Titled Tuesday Blitz April 11 Early 2023"]
[White "Palacio,Igor Da Paz"]
[Black "Rios Escobar, Adan"]
[WhiteFideId "2121140"]
[BlackFideId "3403645"]
[WhiteElo "2126"]
[BlackElo "2462"]
[Result "1-0"]
[Round "06"]
[TimeControl "180+2"]
[Date "2023.04.11"]
[WhiteClock "0:00:03"]
[BlackClock "0:00:08"]

1. e4 c5 2. Nc3 d6 3. g3 g6 4. Bg2 Bg7 5. d3 Nc6 6. f4 e6 7. Nf3 Nge7 8. O-O O-O 9. Be3 Rb8 10. Rb1 b5 11. a3 a5 12. Ne2 b4 13. axb4 axb4 14. c3 bxc3 15. bxc3 Ba6 16. Qc2 Qc7 17. Ra1 Rb6 18. Rfb1 Rfb8 19. Rxb6 Rxb6 20. Ra2 Qb7 21. Kf2 Rb3 22. Rxa6 Rb2 23. Ra8+ Nb8 24. Qa4 Bxc3 25. Ng1 Nc6 26. Bf1 Nd4 27. Qe8+ Kg7 28. Rxb8 Qxb8 29. Qxb8 Rxb8 30. Nxc3 Rb2+ 31. Nge2 Rd2 32. Bxd4+ cxd4 33. Nb5 e5 34. Nxd6 f6 35. fxe5 fxe5 36. Nc4 Rxd3 37. Nxe5 Rd2 38. Ke1 Ra2 39. h4 Ra3 40. Nxd4 Rxg3 41. Ndf3 Kf6 42. Kf2 Rxf3+ 43. Nxf3 h6 44. Kg3 g5 45. hxg5+ hxg5 46. Kg4 Ke6 47. Kxg5 Kd6 48. Kf5 Ke7 49. Ke5 Kf7 50. Kd6 Ke8 51. e5 Kf7 52. e6+ Ke8 53. Bd3 Kf8 54. e7+ Kf7 55. Bg6+ Kf6 56. e8=Q Kg7 57. Qf7+ Kh8 58. Qh7# 1-0


[Site "https://www.chess.com"]

[Event "Titled Tuesday Blitz April 11 Early 2023"]
[White "Kiseleva, Arina"]
[Black "Dudzinski, Pawel"]
[WhiteFideId "4164989"]
[BlackFideId "1117890"]
[WhiteElo "1708"]
[BlackElo "2099"]
[Result "0-1"]
[Round "06"]
[TimeControl "180+2"]
[Date "2023.04.11"]
[WhiteClock "0:00:09"]
[BlackClock "0:00:40"]

1. d4 d5 2. Nf3 c6 3. c4 e6 4. Nbd2 f5 5. e3 Nf6 6. Bd3 Be7 7. Ne5 O-O 8. O-O Bd7 9. Rb1 Be8 10. Be2 Nbd7 11. Nxd7 Qxd7 12. b4 a6 13. a4 Ne4 14. Qb3 b5 15. cxb5 cxb5 16. axb5 axb5 17. f3 Nd6 18. e4 fxe4 19. fxe4 Rxf1+ 20. Bxf1 Nc4 21. Nxc4 dxc4 22. Qe3 Rd8 23. Bb2 Bxb4 24. d5 exd5 25. exd5 Qxd5 26. Qg3 Bf8 27. h4 Bg6 28. Ra1 b4 29. Qc7 Qc5+ 30. Qxc5 Bxc5+ 31. Kh2 c3 32. Bc4+ Bf7 33. Bxf7+ Kxf7 34. Rf1+ Kg8 35. Bc1 b3 36. Bg5 Rc8 37. h5 b2 38. h6 c2 39. hxg7 b1=Q 0-1


[Site "https://www.chess.com"]

[Event "Titled Tuesday Blitz April 11 Early 2023"]
[White "Manukian, Artak"]
[Black "Ruge, Edison"]
[WhiteFideId "13301373"]
[BlackFideId "4401000"]
[WhiteElo "2130"]
[BlackElo "2175"]
[Result "1-0"]
[Round "06"]
[TimeControl "180+2"]
[Date "2023.04.11"]
[WhiteClock "0:01:37"]
[BlackClock "0:00:20"]

1. e4 e5 2. Nf3 Nc6 3. d4 exd4 4. Nxd4 Nf6 5. Nxc6 bxc6 6. e5 Qe7 7. Qe2 Nd5 8. c4 Ba6 9. b3 Nb6 10. g3 d5 11. exd6 Qxe2+ 12. Bxe2 cxd6 13. O-O O-O-O 14. Nc3 d5 15. cxd5 Bxe2 16. Nxe2 Nxd5 17. Rd1 Be7 18. Bb2 Bf6 19. Bxf6 Nxf6 20. Nd4 Kb7 21. Nf5 g6 22. Nd6+ Kc7 23. Nxf7 Rxd1+ 24. Rxd1 Rf8 25. Ng5 Re8 26. Kf1 h5 27. Re1 Rd8 28. Ne6+ 1-0


[Site "https://www.chess.com"]

[Event "Titled Tuesday Blitz April 11 Early 2023"]
[White "Jimenez Jimenez, Leandro"]
[Black "Dylag, Emilia"]
[WhiteFideId "6415253"]
[BlackFideId "21805172"]
[WhiteElo "2263"]
[BlackElo "1878"]
[Result "1-0"]
[Round "06"]
[TimeControl "180+2"]
[Date "2023.04.11"]
[WhiteClock "0:02:20"]
[BlackClock "0:01:50"]

1. d4 Nf6 2. c4 e6 3. g3 d5 4. Bg2 Be7 5. Nf3 O-O 6. O-O dxc4 7. Qc2 c5 8. dxc5 Bxc5 9. Qxc4 Qe7 10. Bg5 Bb6 11. Rc1 Nc6 12. Nc3 h6 13. Bh4 Na5 14. Qf4 Bc7 15. Bxf6 gxf6 16. Qxh6 Rd8 17. Ne4 1-0


[Site "https://www.chess.com"]

[Event "Titled Tuesday Blitz April 11 Early 2023"]
[White "Pniaczek, Marek"]
[Black "Sailer, Mike"]
[WhiteFideId "21800421"]
[BlackFideId "2012901"]
[WhiteElo "2138"]
[BlackElo "2109"]
[Result "1-0"]
[Round "06"]
[TimeControl "180+2"]
[Date "2023.04.11"]
[WhiteClock "0:01:17"]
[BlackClock "0:00:16"]

1. e4 d5 2. exd5 Qxd5 3. Nc3 Qd6 4. Nf3 Nf6 5. d4 c6 6. Bc4 Bg4 7. Be3 e6 8. h3 Bh5 9. g4 Bg6 10. Qe2 Nbd7 11. O-O-O O-O-O 12. Kb1 Kb8 13. Ne5 Ka8 14. f4 Ne4 15. Nxe4 Bxe4 16. Rhe1 Nxe5 17. dxe5 Qc7 18. Rxd8+ Qxd8 19. Bxa7 Bxc2+ 20. Qxc2 Kxa7 21. Rd1 Qa5 22. Rd7 Qe1+ 23. Qc1 Qe4+ 24. Ka1 Bc5 25. Bd3 Qb4 26. Rxf7 Rd8 27. a3 Qd4 28. Be4 Bxa3 29. Rxb7+ Kxb7 30. Qxc6+ Ka7 31. Qb7# 1-0


[Site "https://www.chess.com"]

[Event "Titled Tuesday Blitz April 11 Early 2023"]
[White "Chandreyee, Hajra"]
[Black "MANOJ_MISHRA123"]
[WhiteFideId "5056535"]
[WhiteElo "1725"]
[BlackElo "2117"]
[Result "1-0"]
[Round "06"]
[TimeControl "180+2"]
[Date "2023.04.11"]
[WhiteClock "0:00:08"]
[BlackClock "0:00:01"]

1. e4 d6 2. d4 Nf6 3. Nc3 Nbd7 4. Bg5 h6 5. Bh4 e5 6. Nf3 c6 7. a4 Be7 8. Bc4 Qc7 9. O-O g5 10. Bg3 Rg8 11. Qd2 b6 12. dxe5 Nxe5 13. Nxe5 dxe5 14. Rfd1 Be6 15. Bxe6 fxe6 16. Qe2 h5 17. h4 gxh4 18. Bxh4 Rg4 19. g3 Kf7 20. Rd3 Rag8 21. Rad1 Rxh4 22. Rf3 Rhg4 23. Rdd3 h4 24. Nd1 hxg3 25. fxg3 Qc8 26. Nf2 R4g6 27. Qf1 Rd8 28. Rde3 Qd7 29. Re2 Bc5 30. Kg2 Rh8 31. Ng4 Rxg4 32. Rxf6+ Ke8 33. b4 Qg7 34. Rf3 Rg8 35. Qe1 Bd6 36. c3 Be7 37. Ree3 Bh4 38. Rd3 Bg5 39. Qf1 Qc7 40. Rd1 Bf4 41. Rdd3 Qg7 42. Qe1 Qh6 43. b5 Qh7 44. bxc6 Qc7 45. Qe2 Qxc6 46. Kf1 Bxg3 47. Qd1 Bf4 48. Rd8+ Ke7 49. Rxg8 Rxg8 50. Qb3 Qxe4 51. Qa3+ Kf6 52. Qe7+ 1-0


[Site "https://www.chess.com"]

[Event "Titled Tuesday Blitz April 11 Early 2023"]
[White "Zacurdajev, Dmitry"]
[Black "Semenova, Alina"]
[WhiteFideId "4196309"]
[BlackFideId "24113875"]
[WhiteElo "2189"]
[BlackElo "1833"]
[Result "1-0"]
[Round "06"]
[TimeControl "180+2"]
[Date "2023.04.11"]
[WhiteClock "0:02:50"]
[BlackClock "0:02:07"]

1. d4 d6 2. Nf3 Nf6 3. c4 g6 4. Nc3 Bg7 5. e4 O-O 6. Be2 e5 7. O-O Nc6 8. d5 Ne7 9. Ne1 Nd7 10. Be3 f5 11. f3 f4 12. Bf2 g5 13. b4 a5 14. a3 Ng6 15. c5 Nf6 16. cxd6 cxd6 17. bxa5 Rxa5 18. Qb3 Rf7 19. Bb6 1-0


[Site "https://www.chess.com"]

[Event "Titled Tuesday Blitz April 11 Early 2023"]
[White "Manukyan, Sargis A."]
[Black "Aung Thant Zin"]
[WhiteFideId "13303970"]
[BlackFideId "13000063"]
[WhiteElo "2187"]
[BlackElo "2278"]
[Result "1-0"]
[Round "06"]
[TimeControl "180+2"]
[Date "2023.04.11"]
[WhiteClock "0:01:42"]
[BlackClock "0:00:48"]

1. d4 Nf6 2. c4 e6 3. Nc3 Bb4 4. a3 Bxc3+ 5. bxc3 c5 6. e3 O-O 7. Bd3 Nc6 8. Ne2 b6 9. O-O d6 10. e4 h6 11. f4 Ba6 12. f5 e5 13. d5 Na5 14. h3 Bxc4 15. Bxc4 Nxc4 16. Qd3 b5 17. g4 Nh7 18. Ng3 f6 19. Nh5 Rf7 20. Ra2 a6 21. Rg2 Qe8 22. h4 Rb7 23. Rf3 Rab8 24. Rfg3 a5 25. Qd1 b4 26. g5 fxg5 27. hxg5 hxg5 28. Bxg5 bxc3 29. Bf6 Rb1 30. Rxg7+ Kh8 31. Rg8# 1-0


[Site "https://www.chess.com"]

[Event "Titled Tuesday Blitz April 11 Early 2023"]
[White "Adelman, Charles"]
[Black "Deng, Henry"]
[WhiteFideId "2003597"]
[BlackFideId "30965454"]
[WhiteElo "2382"]
[BlackElo "2501"]
[Result "0-1"]
[Round "06"]
[TimeControl "180+2"]
[Date "2023.04.11"]
[WhiteClock "0:00:36"]
[BlackClock "0:01:53"]

1. Nf3 d5 2. b3 Bf5 3. Bb2 e6 4. g3 Nf6 5. c4 h6 6. Bg2 c6 7. O-O Be7 8. d3 O-O 9. Nbd2 Bh7 10. Rc1 a5 11. a3 Qb6 12. Rc2 Nbd7 13. Qa1 c5 14. cxd5 exd5 15. Ne5 Nxe5 16. Bxe5 Qe6 17. Nf3 d4 18. Bxf6 Bxf6 19. Rxc5 Qxe2 20. Nxd4 Qxd3 21. Rd1 Qa6 22. Qc1 Rfd8 23. Rc7 Qd6 24. Qc4 Bxd4 25. Qxf7+ Kh8 26. Bxb7 Rab8 27. Kg2 Bg8 28. Qe7 Qxe7 29. Rxe7 Bxb3 30. Be4 Bxd1 0-1


[Site "https://www.chess.com"]

[Event "Titled Tuesday Blitz April 11 Early 2023"]
[White "Turzo, Attila"]
[Black "Jarocka, Liwia"]
[WhiteFideId "704954"]
[BlackFideId "21807558"]
[WhiteElo "2488"]
[BlackElo "2013"]
[Result "1-0"]
[Round "06"]
[TimeControl "180+2"]
[Date "2023.04.11"]
[WhiteClock "0:00:46"]
[BlackClock "0:00:06"]

1. e4 d6 2. d4 Nf6 3. Nc3 g6 4. Nf3 Bg7 5. h3 O-O 6. Be2 e5 7. dxe5 dxe5 8. Qxd8 Rxd8 9. O-O Nbd7 10. Be3 c6 11. a4 Re8 12. a5 h6 13. Nd2 Nf8 14. Nc4 Be6 15. Rfd1 Bxc4 16. Bxc4 Ne6 17. f3 Bf8 18. Na4 a6 19. c3 Rad8 20. b4 Nc7 21. Kf2 Nb5 22. Ke2 Kg7 23. Rxd8 Rxd8 24. Rd1 Rxd1 25. Kxd1 Nd7 26. Kc2 f5 27. exf5 gxf5 28. Be6 Nf6 29. Bxf5 Nd5 30. Bd2 Nf4 31. Nc5 Bxc5 32. bxc5 Nxg2 33. Bc8 Nc7 34. Bxb7 Kf6 35. Bxc6 h5 36. Kd3 Ke6 37. c4 Nh4 38. Bg5 Nf5 39. Be4 Ng7 40. Bg6 Na8 41. Bd8 Kd7 42. Bb6 Ne6 43. Be4 Nf4+ 44. Ke3 Nxb6 45. cxb6 Nxh3 46. c5 Ng5 47. c6+ Kc8 48. Bf5+ 1-0


[Site "https://www.chess.com"]

[Event "Titled Tuesday Blitz April 11 Early 2023"]
[White "Derichs, Roger"]
[Black "Namitbir Singh Walia"]
[WhiteFideId "4630076"]
[BlackFideId "35071068"]
[WhiteElo "2371"]
[BlackElo "2239"]
[Result "1-0"]
[Round "06"]
[TimeControl "180+2"]
[Date "2023.04.11"]
[WhiteClock "0:00:53"]
[BlackClock "0:00:06"]

1. d4 Nf6 2. c4 c5 3. d5 e6 4. Nc3 d6 5. Nf3 g6 6. g3 Bg7 7. Bg2 exd5 8. cxd5 O-O 9. O-O Re8 10. Bf4 Ne4 11. Nxe4 Rxe4 12. Nd2 Re8 13. Nc4 Bf8 14. a4 Bf5 15. Re1 Be4 16. f3 Bf5 17. e4 Bc8 18. e5 dxe5 19. Rxe5 Rxe5 20. Bxe5 Nd7 21. Bc3 Nb6 22. Nxb6 axb6 23. f4 Bd7 24. b3 Qe8 25. Qd2 Bf5 26. Re1 Qd7 27. Bb2 Bg7 28. Bxg7 Kxg7 29. Qc3+ Kg8 30. Qf6 Re8 31. Re5 b5 32. Rxe8+ Qxe8 33. Qe5 Qxe5 34. fxe5 bxa4 35. bxa4 b6 36. Kf2 Bd7 37. Ke3 Bxa4 38. Bh3 Kf8 39. Kf4 Ke7 40. Kg5 h5 41. d6+ Ke8 42. Kf6 Bb3 43. Bg2 Kd8 44. Be4 Be6 45. Bxg6 c4 46. Bxf7 Bxf7 47. Kxf7 c3 48. e6 c2 49. e7+ Kd7 50. e8=Q+ Kxd6 1-0


[Site "https://www.chess.com"]

[Event "Titled Tuesday Blitz April 11 Early 2023"]
[White "Andrews, Todd"]
[Black "Mazurkiewicz, Michal"]
[WhiteFideId "2012456"]
[BlackFideId "1124943"]
[WhiteElo "2333"]
[BlackElo "2054"]
[Result "1-0"]
[Round "06"]
[TimeControl "180+2"]
[Date "2023.04.11"]
[WhiteClock "0:00:43"]
[BlackClock "0:00:04"]

1. e4 d6 2. d4 Nf6 3. Nc3 c6 4. Bg5 Nbd7 5. Qd2 e5 6. O-O-O b5 7. f3 Be7 8. d5 cxd5 9. Bxf6 Nxf6 10. Bxb5+ Bd7 11. Bxd7+ Qxd7 12. exd5 O-O 13. Nge2 Rfc8 14. Kb1 Rab8 15. b3 Rc5 16. g4 Rbc8 17. g5 Ne8 18. Rc1 Nc7 19. h4 a5 20. h5 Na6 21. Ne4 R5c7 22. g6 fxg6 23. h6 Nc5 24. hxg7 Nxe4 25. fxe4 Bf6 26. c4 a4 27. Rcg1 axb3 28. axb3 Bxg7 29. Nc3 Rb7 30. Kc2 Qc7 31. Qh2 Bh8 32. Rxg6+ 1-0


[Site "https://www.chess.com"]

[Event "Titled Tuesday Blitz April 11 Early 2023"]
[White "Fuzesabonyilaci"]
[Black "Bas Mas, Jose Joaquin"]
[BlackFideId "22219064"]
[WhiteElo "2331"]
[BlackElo "2233"]
[Result "1/2-1/2"]
[Round "06"]
[TimeControl "180+2"]
[Date "2023.04.11"]
[WhiteClock "0:00:04"]
[BlackClock "0:00:12"]

1. Nf3 Nf6 2. c4 e6 3. g3 d5 4. Bg2 Be7 5. O-O O-O 6. b3 d4 7. e3 c5 8. b4 dxe3 9. fxe3 cxb4 10. d4 a5 11. Qd3 Nbd7 12. Rd1 Qc7 13. e4 e5 14. Bb2 exd4 15. Nxd4 Ne5 16. Qf1 Nxc4 17. Rc1 b5 18. e5 Qxe5 19. Bxa8 Nxb2 20. Nf3 Qe3+ 21. Kg2 Bf5 22. Re1 Qa7 23. Bc6 Bc5 24. Bxb5 Ng4 25. Ne5 Ne3+ 26. Rxe3 Bxe3 27. Qxf5 Qd4 28. Nf3 Qd1 29. Bf1 Rd8 30. a3 g6 31. Qb5 b3 32. Qxa5 Qc2+ 33. Kh1 Rd1 34. Qa6 Qf2 35. Nbd2 Bxd2 36. Rxd1 Nxd1 37. Qe2 Qxe2 38. Bxe2 Nc3 39. Nxd2 Nxe2 40. Nxb3 Nc3 41. Nc5 Kf8 42. Kg2 Ke7 43. Kf3 Kd6 44. Ne4+ Nxe4 45. Kxe4 f6 46. h4 h6 47. a4 h5 48. Kd4 g5 49. hxg5 fxg5 50. Ke4 h4 51. gxh4 gxh4 52. Kf4 Kc6 53. Kg4 Kb6 54. Kxh4 Ka5 55. Kg4 Kxa4 1/2-1/2


[Site "https://www.chess.com"]

[Event "Titled Tuesday Blitz April 11 Early 2023"]
[White "Dwilewicz, Katarzyna"]
[Black "Gatterer, Florian"]
[WhiteFideId "1148486"]
[BlackFideId "811688"]
[WhiteElo "2065"]
[BlackElo "2221"]
[Result "1-0"]
[Round "06"]
[TimeControl "180+2"]
[Date "2023.04.11"]
[WhiteClock "0:00:38"]
[BlackClock "0:00:02"]

1. e4 c6 2. d4 d5 3. exd5 cxd5 4. Bd3 Nc6 5. c3 Nf6 6. Bf4 Bg4 7. Qb3 Qc8 8. Nd2 e6 9. Ngf3 Be7 10. O-O Bh5 11. Ne5 Nxe5 12. dxe5 Nd7 13. Qc2 Bg6 14. Bxg6 hxg6 15. Qd3 O-O 16. Rfe1 Nc5 17. Qg3 Qd8 18. Rad1 b5 19. Nf3 Qc7 20. Ng5 Bxg5 21. Qxg5 Ne4 22. Qg4 a5 23. h4 Qe7 24. Rd3 Kh7 25. Rh3 Rh8 26. h5 g5 27. Bc1 f5 28. exf6 gxf6 29. Qd1 Rhg8 30. f3 Nc5 31. Qxd5 Rad8 32. Qc6 Nd3 33. Rxe6 Qd7 34. Be3 Qxc6 35. Rxc6 Nxb2 36. Rxf6 Rd1+ 37. Kh2 Nc4 38. Re6 Re1 39. Re7+ Rg7 40. Rxg7+ Kxg7 41. Bxg5 Re2 42. h6+ Kh7 43. Bf4 Rxa2 44. Rg3 Re2 45. Rg7+ Kh8 46. Rb7 a4 47. Bg5 a3 48. Bf6+ Kg8 49. h7+ 1-0


[Site "https://www.chess.com"]

[Event "Titled Tuesday Blitz April 11 Early 2023"]
[White "Iljin, Timofey"]
[Black "Garrido, Denis"]
[WhiteFideId "14110180"]
[BlackFideId "601217"]
[WhiteElo "2382"]
[BlackElo "2328"]
[Result "1-0"]
[Round "06"]
[TimeControl "180+2"]
[Date "2023.04.11"]
[WhiteClock "0:00:24"]
[BlackClock "0:00:20"]

1. d4 Nf6 2. c4 g6 3. Nc3 Bg7 4. e4 d6 5. f4 O-O 6. Nf3 c5 7. d5 b5 8. cxb5 a6 9. a4 axb5 10. Bxb5 Na6 11. O-O Nb4 12. Qe2 Qb6 13. Kh1 Ne8 14. Be3 Nc7 15. Bc4 Ba6 16. e5 Ncxd5 17. a5 Bxc4 18. Qxc4 Nxe3 19. Qe2 Rxa5 20. Rxa5 Nxf1 21. Rb5 Ng3+ 22. hxg3 Qa6 23. exd6 exd6 24. Ng5 Nc6 25. Nd5 Qa1+ 26. Kh2 Nd4 27. Ne7+ Kh8 28. Rb8 h6 29. Nxf7+ Kh7 30. Qg4 g5 31. Nxg5+ hxg5 32. Qh5+ Bh6 33. Qg6+ 1-0


[Site "https://www.chess.com"]

[Event "Titled Tuesday Blitz April 11 Early 2023"]
[White "Krzywda, Andrzej"]
[Black "a-z30"]
[WhiteFideId "1114565"]
[WhiteElo "2155"]
[BlackElo "2312"]
[Result "1/2-1/2"]
[Round "06"]
[TimeControl "180+2"]
[Date "2023.04.11"]
[WhiteClock "0:00:03"]
[BlackClock "0:00:03"]

1. e4 d6 2. d4 Nf6 3. Nc3 g6 4. Be3 Bg7 5. Qd2 O-O 6. h3 e5 7. dxe5 dxe5 8. Qxd8 Rxd8 9. Nf3 Ne8 10. Bc4 Nd6 11. Bb3 Nc6 12. O-O-O Na5 13. Nb5 Nxb3+ 14. axb3 Rd7 15. Nxc7 Rxc7 16. Rxd6 Be6 17. Rhd1 h6 18. Kb1 Kh7 19. Rd8 Rxd8 20. Rxd8 b6 21. Nd2 f5 22. f3 Bf6 23. Rd6 Re7 24. exf5 gxf5 25. g4 Kg6 26. gxf5+ Kxf5 27. Ne4 Bg5 28. Ng3+ Kg6 29. Bf2 Bh4 30. Ne4 Bxf2 31. Nxf2 Kf5 32. Nd3 Rg7 33. Kc1 Rg3 34. Rd8 Rxf3 35. Rf8+ Ke4 36. Re8 Bxh3 37. Rxe5+ Kd4 38. Rh5 Bf5 39. Ne1 Rf2 40. Rxh6 Be4 41. Rh4 Ke5 42. Rh3 a5 43. Rc3 b5 44. Rc8 Kd4 45. Rd8+ Ke3 46. Re8 Re2 47. Kd1 Rd2+ 48. Kc1 Rh2 49. Kd1 b4 50. Re7 Kf4 51. Rf7+ Ke3 52. Re7 Kf4 53. Rf7+ Ke3 54. Re7 1/2-1/2


[Site "https://www.chess.com"]

[Event "Titled Tuesday Blitz April 11 Early 2023"]
[White "Sliwicki, Damian"]
[Black "Necula, Iulian"]
[WhiteFideId "1127128"]
[BlackFideId "1232380"]
[WhiteElo "2030"]
[BlackElo "1790"]
[Result "1-0"]
[Round "06"]
[TimeControl "180+2"]
[Date "2023.04.11"]
[WhiteClock "0:00:19"]
[BlackClock "0:00:01"]

1. e4 d6 2. d4 Nf6 3. Nc3 e5 4. Nf3 Nbd7 5. Bc4 Be7 6. a4 a5 7. O-O c6 8. h3 h6 9. Be3 Qc7 10. Qd2 Nf8 11. Rad1 g5 12. dxe5 dxe5 13. Nxe5 Qxe5 14. Bd4 Qf4 15. Qd3 g4 16. e5 Rg8 17. exf6 gxh3 18. g3 Bd6 19. Be5 Qxe5 20. Rfe1 Ne6 21. Rxe5 Bxe5 22. Ne4 Rg6 23. Nc5 Rxf6 24. Nd7 Bxd7 25. Qxd7+ Kf8 26. Bxe6 Rxe6 27. Qxb7 Rae8 28. Rd7 R6e7 29. Rxe7 Rxe7 30. Qxc6 Bxb2 31. Qc8+ Kg7 32. Qg4+ Kf8 33. Qxh3 Re1+ 34. Kg2 Bc3 35. Qxh6+ Bg7 36. Qd6+ Kg8 37. Qd8+ Kh7 38. Qxa5 Re6 39. Qh5+ Kg8 40. a5 Ra6 41. Qb5 1-0


[Site "https://www.chess.com"]